 Dungeon Crawl Stone Soup version 0.29.0-13-gc9e81de378 (webtiles) character file.

Game seed: 1372958152121606796

76 Xanbad the Stinger (level 4, -2/32 HPs)
             Began as a Demonspawn Venom Mage on Sept 7, 2022.
             Killed from afar by Natasha (6 damage)
             ... with a magic dart
             ... on level 2 of the Dungeon.
             The game lasted 00:10:09 (2931 turns).

Xanbad the Stinger (Demonspawn Venom Mage)          Turns: 2931, Time: 00:10:10

Health: -2/32      AC:  8    Str:  7    XL:     4   Next: 12%
Magic:  3/7        EV: 12    Int: 18    God:
Gold:   87         SH:  0    Dex: 23    Spells: 4/7 levels left

rFire   . . .      SeeInvis +   (no weapon)
rCold   . . .      Faith    .   (no shield)
rNeg    . . .      Spirit   .   k - +5 leather armour "Nair" {rPois Dex+6 SInv Stlth-}
rPois   +          Reflect  .   (no helmet)
rElec   .          Harm     .   (no cloak)
rCorr   .          Rampage  .   (no gloves)
Will    .....                   (no boots)
Stlth   +.........              (no amulet)
HPRegen 0.10/turn               (no ring)
MPRegen 0.10/turn               (no ring)

@: very slightly contaminated, unable to drink
A: claws 1, hooves 2, agile 1, inability to drink after injury 1
a: no special abilities


You were on level 2 of the Dungeon.
You visited 1 branch of the dungeon, and saw 3 of its levels.

You collected 87 gold pieces.

Inventory:

Hand Weapons
 b - a +0 sling
Missiles
 e - 12 stones
Armour
 d - a +0 robe
 k - the +5 leather armour "Nair" (worn) {rPois Dex+6 SInv Stlth-}
   (You found it on level 2 of the Dungeon)

   Dex:       It affects your dexterity (+6).
   rPois:     It protects you from poison.
   SInv:      It lets you see invisible.
   Stlth:     It makes you less stealthy.
Jewellery
 h - a ring of see invisible
Scrolls
 a - 3 scrolls of teleportation {unknown}
 f - 3 scrolls of identify {unknown}
 i - a scroll of enchant armour {unknown}
 j - a scroll of fog {unknown}
 l - a scroll of vulnerability {unknown}


   Skills:
 + Level 1.4 Fighting
 + Level 0.6 Ranged Weapons
 - Level 1.7 Dodging
 - Level 2.4 Stealth
 + Level 0.6 Unarmed Combat
 - Level 2.0 Spellcasting
 - Level 0.8 Transmutations
 * Level 4.0 Poison Magic


You had 4 spell levels left.
You knew the following spells:

 Your Spells              Type           Power      Damage    Failure   Level
a - Sting                 Tmut/Pois      40%        1d5       10%         1
b - Poisonous Vapours     Pois/Air       18%        N/A       19%         2

Your spell library contained the following spells:

 Spells                   Type           Power      Damage    Failure   Level
 Mephitic Cloud           Conj/Pois/Air  6%         N/A       43%         3
 Olgreb's Toxic Radiance  Pois           16%        N/A       45%         4


Dungeon Overview and Level Annotations

Branches:
Dungeon (3/15)

Altars:
Dithmenos

Annotations:
D:2 Natasha


Innate Abilities, Weirdness & Mutations

You have sharp fingernails.
You have hoof-like feet.
You are agile. (Dex +4, Str/Int -1)
You occasionally lose the ability to drink potions when taking damage.


Message History

Aim: Natasha (moderately wounded, poisoned, 64% to hit)
The sting hits Natasha.
Natasha looks even sicker.
Natasha is heavily wounded.
Natasha hisses.
Natasha claws you but does no damage. The rat barely misses you.
Casting: Sting (safe; 10% risk of failure)
Confirm with . or Enter, or press ? or * to list all spells.
Aiming: Sting (safe; 10% risk of failure)
Press: ? - help, Shift-Dir - straight line, f/p - Natasha
Aim: Natasha (heavily wounded, very poisoned, 64% to hit)
The sting hits Natasha.
Natasha looks even sicker.
Natasha is heavily wounded.
Natasha closely misses you. The rat closely misses you.
Casting: Sting (safe; 10% risk of failure)
Confirm with . or Enter, or press ? or * to list all spells.
Aiming: Sting (safe; 10% risk of failure)
Press: ? - help, Shift-Dir - straight line, f/p - Natasha
Aim: Natasha (heavily wounded, very poisoned, 64% to hit)
The sting hits Natasha but does no damage.
Natasha looks as sick as possible!
Natasha is heavily wounded.
Natasha casts a spell.
The rat barely misses you.
Casting: Sting (safe; 10% risk of failure)
Confirm with . or Enter, or press ? or * to list all spells.
Aiming: Sting (safe; 10% risk of failure)
Press: ? - help, Shift-Dir - straight line, f/p - Natasha
Aim: Natasha (severely wounded, extremely poisoned, 64% to hit)
The sting hits Natasha but does no damage.
Natasha looks as sick as possible!
Natasha is severely wounded.
Natasha closely misses you. The rat closely misses you.
You scratch Natasha.
Natasha is severely wounded.
Natasha mumbles some strange words.
Natasha's front paws start to glow.
Natasha stares at you and mumbles some strange words.
The magic dart hits you.
You feel threatened and lose the ability to drink potions!
You die...

#### #.#
#............##...# ...#
#.# #.#######.##.####.#
##.#####.# #.# #.##.# #.#
.........## #.#
#.##.####.# ##.######.##
#.# #.......#.. ##.#
##.<.####.# #.......###
...# #.........# #..#.#..#
####
##...####5#######..#....##
##..# #h@r.............#
##.# #####.####.......#
#.# #...<...#.##.##.#
#####.###
#.......#.##....#
#.......#
#.......#.####..#
#.###.#.#
#.......#.####..#
#.###.#.#
#.......#.......#
#.##..#.#
#.......######.##
#.##.##.# #.......# #.#


You could see Natasha (extremely poisoned), a crimson imp (summoned) and a rat.

Vanquished Creatures
  An adder (D:2)
  2 worms
  2 dart slugs (D:1)
  7 ball pythons
  3 endoplasms (D:2)
  2 giant cockroaches
  7 hobgoblins
  6 jackals (D:2)
  4 kobolds (D:1)
  5 quokkas
  4 bats (D:1)
  2 frilled lizards (D:1)
  4 goblins
  3 rats (D:1)
52 creatures vanquished.

Vanquished Creatures (others)
  7 toadstools (D:1)
7 creatures vanquished.

Grand Total: 59 creatures vanquished

Notes
Turn   | Place    | Note
-------+----------+-------------------------------------------
     0 | D:1      | Xanbad the Demonspawn Venom Mage began the quest for the
                  | Orb.
     0 | D:1      | Reached XP level 1. HP: 13/13 MP: 3/3
   164 | D:1      | Found a faded altar of an unknown god.
   496 | D:1      | Discovered your monstrous ancestry.
   496 | D:1      | Gained mutation: You have large cloven feet. [demonic
                  | ancestry]
   496 | D:1      | Reached XP level 2. HP: 20/20 MP: 5/5
   898 | D:1      | Reached skill level 1 in Fighting
   988 | D:1      | Gained mutation: You have sharp fingernails. [demonic
                  | ancestry]
   988 | D:1      | Reached XP level 3. HP: 16/26 MP: 1/6
  1209 | D:1      | Learned a level 2 spell: Poisonous Vapours
  2455 | D:2      | Gained mutation: You have hoof-like feet. [demonic
                  | ancestry]
  2455 | D:2      | Reached XP level 4. HP: 28/32 MP: 4/7
  2500 | D:2      | Identified the +5 leather armour "Nair" {rPois Dex+6 SInv
                  | Stlth-}
  2877 | D:3      | Reached skill level 4 in Poison Magic
  2908 | D:3      | Found a shadowy altar of Dithmenos.
  2910 | D:3      | Noticed Natasha
  2919 | D:3      | Gained mutation: You occasionally lose the ability to drink
                  | potions when taking damage. [potion of mutation]
  2919 | D:3      | Gained mutation: You are agile. (Dex +4, Str/Int -1)
                  | [potion of mutation]
  2931 | D:2      | Killed from afar by Natasha

Illustrated notes

Levels and vault maps discovered:
D:1:      nagdon_arrival_double_spiral, layout_loops_ring,
          basic_ecumenical_altar
D:2:      layout_loops_cross, nicolae_titane
D:3:      layout_rooms, grunt_dithmenos_smoke, hex_tiny, st_stairs_14,
          uniq_natasha

Skill      XL: |  1  2  3  4 |
---------------+-------------+-----
Stealth        | 2 |  2.4
Fighting       | 1 |  1.4
Poison Magic   | 4 |  4.0
Ranged Weapons | |  0.6
Dodging        | |  1.7
Unarmed Combat | |  0.6
Spellcasting   | |  2.0
Transmutations | |  0.8

Action                   |  1- 3 |  4- 6 || total
-------------------------+-------+-------++-------
Melee: Flail             |    18 |       ||    18
       Unarmed           |    50 |     7 ||    57
       Kick              |    13 |     2 ||    15
 Fire: Sling             |    60 |     7 ||    67
 Cast: Sting             |    42 |     9 ||    51
       Poisonous Vapours |    10 |     3 ||    13
  Use: Potion            |       |     2 ||     2
Armor: Robe              |    14 |       ||    14
       Leather armour    |       |    12 ||    12
Dodge: Dodged            |    67 |    19 ||    86
